 Dungeon Crawl Stone Soup version 0.31.0-32-g396128a36d (webtiles) character file.

Game seed: 12982209780033746254

1299 Crambunxious the Ruffian (level 8, -3/61 HPs)
             Began as a Gnoll Shapeshifter on Mar 9, 2024.
             Was a Follower of Yredelemnul.
             Slain by an orc wizard
             ... wielding a +0 dagger
              (4 damage)
             ... on level 6 of the Dungeon.
             The game lasted 00:23:44 (4655 turns).

Crambunxious the Ruffian (Gnoll Shapeshifter)       Turns: 4655, Time: 00:23:45

Health: -3/61      AC:  2    Str: 15 (17) XL:     8   Next: 56%
Magic:  13/13      EV: 19    Int:  7 (9)  God:    Yredelemnul [*.....]
Gold:   363        SH:  0    Dex: 17      Spells: 14/14 levels left

rFire   . .          .
                       - Unarmed
rCold   . . .        l - melded +0 kite shield
rNeg    . . .        i - melded +2 plate armour {Will+}
rPois   .            m - +1 helmet
rElec   .            (no cloak)
rCorr   .            (no gloves)
SInv    .            (no boots)
Will    .....        (no amulet)
Stlth   +            f - +6 ring of dexterity
HPRegen 0.30/turn    F - ring of flight
MPRegen 0.13/turn

%: no passive effects
@: flux-form, flying, glowing, very slow
A: glow, contaminating, fangs 1, strong nose, distributed training
a: Begin Untransformation, Renounce Religion, Recall Undead Harvest


You were on level 6 of the Dungeon.
You worshipped Yredelemnul.
Yredelemnul was noncommittal.
You were something dangerously unstable.
You visited 1 branch of the dungeon, and saw 6 of its levels.

You collected 387 gold pieces.
You spent 24 gold pieces at shops.

Inventory:

Missiles
 G - a throwing net (quivered)
Armour
 a - a +0 animal skin
 h - a +0 ring mail
 i - a +2 plate armour of willpower (melded)
 l - a +0 kite shield (melded)
 m - a +1 helmet (worn)
Jewellery
 f - a +6 ring of dexterity (left hand)
 u - a ring of wizardry
 F - a ring of flight (right hand)
Talismans
 c - a beast talisman
 d - a flux talisman (active)
 B - a maw talisman
Scrolls
 e - 7 scrolls of identify
 g - a scroll of acquirement {unknown}
 j - 4 scrolls of enchant weapon
 n - 2 scrolls of fog {unknown}
 v - a scroll of immolation {unknown}
 w - 2 scrolls of poison {unknown}
 y - a scroll of teleportation {unknown}
 z - a scroll of vulnerability {unknown}
 A - 2 scrolls of brand weapon {unknown}
 D - a scroll of revelation {unknown}
Potions
 b - a potion of lignification
 k - a potion of cancellation {unknown}
 o - 2 potions of curing {unknown}
 p - a potion of heal wounds {unknown}
 q - 2 potions of magic {unknown}
 r - 2 potions of degeneration {unknown}
 s - 3 potions of attraction {unknown}
 t - 2 potions of berserk rage {unknown}
 x - 4 potions of enlightenment {unknown}
 C - a potion of ambrosia {unknown}
 E - a potion of brilliance {unknown}


   Skills:
 + Level 4.4 Fighting
 + Level 3.5 Short Blades
 + Level 3.5 Long Blades
 + Level 3.5 Axes
 + Level 3.5 Maces & Flails
 + Level 3.5 Polearms
 + Level 3.5 Staves
 + Level 3.5 Ranged Weapons
 + Level 3.5 Throwing
 + Level 3.5 Armour
 + Level 5.8 Dodging
 + Level 3.5 Stealth
 + Level 3.5 Shields
 + Level 7.5 Unarmed Combat
 + Level 3.5 Spellcasting
 + Level 2.9 Conjurations
 + Level 2.9 Hexes
 + Level 2.9 Summonings
 + Level 2.9 Necromancy
 + Level 2.9 Translocations
 + Level 2.9 Fire Magic
 + Level 2.9 Ice Magic
 + Level 2.9 Air Magic
 + Level 2.9 Earth Magic
 + Level 2.9 Alchemy
 + Level 3.9 Invocations
 + Level 3.5 Evocations
 + Level 7.3 Shapeshifting


You had 14 spell levels left.
You didn't know any spells.
Your spell library contained the following spells:

 Spells                   Type           Power      Damage    Failure   Level
 Kiss of Death            Conj/Necr      20%        2d7       10%         1
 Confusing Touch          Hex            5%         N/A       30%         3
 Frozen Ramparts          Ice            10%        1d2       30%         3
 Stone Arrow              Conj/Erth      10%        3d7       30%         3
 Animate Armour           Summ/Erth      10%        N/A       69%         4
 Dispel Undead            Necr           5%         3d7       69%         4
 Leda's Liquefaction      Alch/Erth      2%         N/A       69%         4
 Petrify                  Alch/Erth      5%         N/A       69%         4
 Lee's Rapid Deconstruct  Erth           2%         3d5*      95%         5
 Metabolic Englaciation   Hex/Ice        2%         N/A       95%         5
 Bombard                  Conj/Erth      2%         9d1       100%        6
 Lehudib's Crystal Spear  Conj/Erth      2%         10d2      100%        8


Dungeon Overview and Level Annotations

Branches:
Dungeon (6/15)             Temple (0/1) D:5

Altars:
Ashenzari
Cheibriados
Makhleb
Yredelemnul

Shops:
D:1 =*?==   D:4 [


Innate Abilities, Weirdness & Mutations

You are something dangerously unstable.
You glow with magical radiation, making you easy to see and hit.
Foes you strike become dangerously contaminated with magical radiation.
You are incapable of wielding weapons or throwing items.
You have very sharp teeth.
Your uncanny sense of smell can sniff out nearby items.
Your experience applies equally to all skills.


Message History

The puff of flame misses you.
Your orc zombie hits the phantom but does no damage.
Your orc zombie barely misses the phantom.
You punch the phantom!
The phantom shudders as magic cascades through it.
The phantom is almost destroyed.
The phantom hits you.
* * * LOW HITPOINT WARNING * * *
The phantom blinks!
You blink.
Found a scroll of identify.
You miss the phantom.
The phantom is almost destroyed.
A magic dart appears from out of thin air!
The magic dart hits you!
* * * LOW HITPOINT WARNING * * *
The phantom completely misses you.
You barely miss the phantom.
The phantom is almost destroyed.
The phantom completely misses you.
You punch the phantom!
You destroy the phantom!
Your orc zombie closely misses something.
You hit something but do no damage.
The orc wizard begins to glow.
Your hound zombie misses the orc wizard.
The orc wizard closely misses you.
As you read the scroll of identify, it crumbles to dust.
j - 4 scrolls of enchant weapon Your hound zombie bites the orc wizard but does no damage.
Your orc zombie misses the orc wizard.
The orc wizard hits you with a +0 dagger.
* * * LOW HITPOINT WARNING * * *
Your hound zombie misses the orc wizard.
The orc wizard hits you with a +0 dagger.
* * * LOW HITPOINT WARNING * * *
Your orc zombie hits the orc wizard but does no damage.
Your hound zombie closely misses the orc wizard.
You swap places.
Your hound zombie barely misses the orc wizard.
The orc wizard hits you with a +0 dagger.
You die...
Your body rises from the dead as a mindless zombie.

.# #.# ##...## .## #.# #
..... ∆ ..## #.. ..
#...# # .###.. ... #...#
##.... .. #...# #..#
#.##...# ..# # #.....#
.## .#.##Zo## .# #.#
#pZ####
.###########.###ZZ.....#
.........(...Z....####.#
############)Z....#
######.# #.# #.# #.# #.#


You could see an orc wizard (invisible, contam, ally target), a friendly hound
zombie and 3 friendly orc zombies.

Vanquished Creatures
  2 black bears (D:5)
  An ice beast (D:5)
  A phantom (D:6)
  Blork the orc (D:5)
  A scorpion (D:4)
  A bombardier beetle (D:5)
  5 hounds
  A gnoll bouda (D:4)
  An iguana (D:5)
  3 orc wizards
  A sleepcap (D:4)
  4 gnolls
  7 adders
  A white imp (D:5)
  2 ufetubi (D:5)
  2 ribbon worms
  2 dart slugs
  7 orcs
  11 ball pythons
  4 bats
  2 endoplasms (D:3)
  6 giant cockroaches
  6 hobgoblins
  4 jackals (D:4)
  8 kobolds
  3 quokkas
  4 frilled lizards
  4 goblins
  7 rats
  A spectral hobgoblin (D:3)
103 creatures vanquished.

Vanquished Creatures (collateral kills)
  An ice beast (D:5)
  2 phantoms
  A jelly (D:5)
  An orc wizard (D:5)
  A ribbon worm (D:5)
6 creatures vanquished.

Vanquished Creatures (others)
  A spectral adder (D:5)
  A jelly zombie (D:5)
  2 ball python zombies (D:4)
  2 orc zombies
6 creatures vanquished.

Grand Total: 115 creatures vanquished

Notes
Turn   | Place    | Note
-------+----------+-------------------------------------------
     0 | D:1      | Crambunxious the Gnoll Shapeshifter began the quest for the
                  | Orb.
     0 | D:1      | Reached XP level 1. HP: 17/17 MP: 1/1
    69 | D:1      | Found Illiw's General Store.
    84 | D:1      | Found Noliori's Jewellery Shoppe.
   186 | D:1      | Found Unesiod's Magic Scroll Boutique.
   192 | D:1      | Found Ynocai Lihei's Jewellery Emporium.
   228 | D:1      | Bought a scroll of identify for 24 gold pieces
   237 | D:1      | Reached XP level 2. HP: 23/23 MP: 2/2
   419 | D:1      | Found Doythraa's Jewellery Shoppe.
   556 | D:2      | Reached XP level 3. HP: 28/28 MP: 3/3
   778 | D:2      | Reached skill level 1 in Invocations
  1236 | D:3      | Reached skill level 1 in Short Blades
  1236 | D:3      | Reached skill level 1 in Long Blades
  1236 | D:3      | Reached skill level 1 in Axes
  1236 | D:3      | Reached skill level 1 in Maces & Flails
  1236 | D:3      | Reached skill level 1 in Polearms
  1236 | D:3      | Reached skill level 1 in Staves
  1236 | D:3      | Reached skill level 1 in Ranged Weapons
  1236 | D:3      | Reached skill level 1 in Throwing
  1236 | D:3      | Reached skill level 1 in Armour
  1236 | D:3      | Reached skill level 1 in Stealth
  1236 | D:3      | Reached skill level 1 in Shields
  1236 | D:3      | Reached skill level 1 in Spellcasting
  1236 | D:3      | Reached skill level 1 in Evocations
  1332 | D:3      | Reached XP level 4. HP: 34/34 MP: 5/5
  1421 | D:3      | Found a faded altar of an unknown god.
  1438 | D:3      | Prayed at the altar of an unknown god.
  1438 | D:3      | Became a worshipper of Cheibriados the Contemplative
  1438 | D:3      | Reached * piety under Cheibriados
  1498 | D:3      | Reached skill level 1 in Conjurations
  1498 | D:3      | Reached skill level 1 in Hexes
  1498 | D:3      | Reached skill level 1 in Summonings
  1498 | D:3      | Reached skill level 1 in Necromancy
  1498 | D:3      | Reached skill level 1 in Translocations
  1498 | D:3      | Reached skill level 1 in Fire Magic
  1498 | D:3      | Reached skill level 1 in Ice Magic
  1498 | D:3      | Reached skill level 1 in Air Magic
  1498 | D:3      | Reached skill level 1 in Earth Magic
  1498 | D:3      | Reached skill level 1 in Alchemy
  1962 | D:4      | Found a burning altar of Makhleb.
  1962 | D:4      | Found a broken altar of Ashenzari.
  1964 | D:4      | Found a basalt altar of Yredelemnul.
  1970 | D:4      | Reached XP level 5. HP: 40/40 MP: 5/7
  1975 | D:4      | Fell from the grace of Cheibriados
  1975 | D:4      | Became a worshipper of Yredelemnul the Dark
  2060 | D:4      | Found Ifot's Antique Armour Emporium.
  2176 | D:4      | Reached XP level 6. HP: 44/47 MP: 8/8
  2193 | D:4      | Reached skill level 5 in Dodging
  2212 | D:4      | Reached * piety under Yredelemnul
  2378 | D:4      | Reached ** piety under Yredelemnul
  2898 | D:5      | Entered Level 5 of the Dungeon
  2985 | D:5      | Noticed a black bear
  2989 | D:5      | Reached XP level 7. HP: 22/52 MP: 10/10
  3265 | D:5      | Found a sand-covered staircase.
  3381 | D:5      | Found a staircase to the Ecumenical Temple.
  3385 | D:5      | Noticed Blork the orc
  3392 | D:5      | Killed Blork the orc
  3745 | D:5      | Reached XP level 8. HP: 42/60 MP: 12/12
  3990 | D:5      | Reached *** piety under Yredelemnul
  4653 | D:6      | HP: 3/61 [orc wizard/+0 dagger (4)]
  4654 | D:6      | HP: 1/61 [orc wizard/+0 dagger (3)]
  4655 | D:6      | Slain by an orc wizard

Illustrated notes

Levels and vault maps discovered:
D:1:      minmay_arrival_solitary_statue, layout_rooms, serial_shops, shop,
          nicolae_shop_rolling_square, nicolae_shop_stone,
          nicolae_shop_gibbet_a_chance, shop_fountains
D:2:      layout_basic, chequers_serial_rivers_micro_c, minmay_hexomino_p4
D:3:      layout_rooms, dreamdust_ecumenical_altar_drowned_temple
D:4:      layout_basic, chequers_temple_overflow_statue_of_worship,
          serial_bayou, serial_bayou_crossing, serial_bayou_pond_c,
          serial_bayou_pond_c, serial_bayou_shore_b, serial_shops, shop,
          columned_hall_lemuel, saegor_snake_ambush
D:5:      minmay_razor_zed, layout_loops_corners, minmay_temple_entry_ruins,
          enter_ossuary_5, grunt_ministairs_13, uniq_blork_the_orc
D:6:      layout_loops_ring, uniq_sigmund

Skill      XL: |  1  2  3  4  5  6  7 |
---------------+----------------------+-----
Invocations    | 1 2 3 |  3.9
Short Blades   | 1 2 3 |  3.5
Long Blades    | 1 2 3 |  3.5
Axes           | 1 2 3 |  3.5
Maces & Flails | 1 2 3 |  3.5
Polearms       | 1 2 3 |  3.5
Staves         | 1 2 3 |  3.5
Ranged Weapons | 1 2 3 |  3.5
Throwing       | 1 2 3 |  3.5
Armour         | 1 2 3 |  3.5
Stealth        | 1 2 3 |  3.5
Shields        | 1 2 3 |  3.5
Spellcasting   | 1 2 3 |  3.5
Evocations     | 1 2 3 |  3.5
Conjurations   | 1 2 |  2.9
Hexes          | 1 2 |  2.9
Summonings     | 1 2 |  2.9
Necromancy     | 1 2 |  2.9
Translocations | 1 2 |  2.9
Fire Magic     | 1 2 |  2.9
Ice Magic      | 1 2 |  2.9
Air Magic      | 1 2 |  2.9
Earth Magic    | 1 2 |  2.9
Alchemy        | 1 2 |  2.9
Fighting       | 3 4 |  4.4
Dodging        | 5 |  5.8
Unarmed Combat | 7 |  7.5
Shapeshifting  | 7 |  7.3

Action                     |  1- 3 |  4- 6 |  7- 9 || total
---------------------------+-------+-------+-------++-------
  Melee: Unarmed           |    73 |   112 |    77 ||   262
         Bite              |     4 |    15 |    11 ||    30
         Maw               |       |     8 |    11 ||    19
 Invoke: Recall Undead Har |       |     2 |       ||     2
         Dark Bargain      |       |     1 |     1 ||     2
    Use: Scroll            |       |       |     1 ||     1
   Stab: Distracted        |       |     1 |       ||     1
         Sleeping          |       |       |     2 ||     2
 Armour: Plate armour      |    34 |    53 |       ||    87
         Ring mail         |     2 |       |       ||     2
         Skin              |       |    12 |    53 ||    65
  Dodge: Dodged            |     8 |    32 |    48 ||    88
  Block: Kite shield       |    20 |    46 |    16 ||    82
   Form: Beast             |     1 |       |       ||     1
         Maw               |       |     1 |       ||     1
         Flux              |       |       |     1 ||     1
